 Dungeon Crawl Stone Soup version 0.28.0-45-g0d030f2227 (webtiles) character file.

Game seed: 10872670272739451910

1204 RascalDebosk the Chopper (level 8, -2/66 HPs)
             Began as a Palentonga Berserker on Apr 17, 2022.
             Was a Priest of Trog.
             Slain by a killer bee (3 damage)
             ... on level 6 of the Dungeon.
             The game lasted 00:55:13 (4821 turns).

RascalDebosk the Chopper (Palentonga Berserker)     Turns: 4821, Time: 00:55:13

Health: -2/66      AC: 17    Str: 24    XL:     8   Next: 21%
Magic:  8/8        EV:  8    Int:  7    God:    Trog [***...]
Gold:   251        SH:  0    Dex:  9    Spells: 7/7 levels left

rFire   . . .      SeeInvis +   a - +0 hand axe
rCold   . . .      Faith    .   (no shield)
rNeg    . . .      Spirit   .   n - +0 scale mail
rPois   .          Reflect  .   (no helmet)
rElec   .          Harm     .   l - +0 cloak
rCorr   .          Rampage  .   q - +1 pair of gloves
Will    ++...                   (no barding)
Stlth   ..........              (no amulet)
HPRegen 1.21/turn               (no ring)
MPRegen 0.11/turn               (no ring)

@: lethally poisoned (-2 -> -4), strong-willed, regenerating, hasted, curled up,
very quick
A: large, rugged brown scales 3, see invisible, deformed body, roll 1, armoured
tail, reflexive curl
a: Rolling Charge, Renounce Religion, Berserk, Trog's Hand


You were on level 6 of the Dungeon.
You worshipped Trog.
Trog was most pleased with you.
You visited 2 branches of the dungeon, and saw 7 of its levels.

You collected 251 gold pieces.

Inventory:

Hand Weapons
 a - a +0 hand axe (weapon)
 f - a +0 trident
Missiles
 m - 2 throwing nets
 o - 3 boomerangs
 s - 2 poisoned darts
Armour
 l - a +0 cloak (worn)
 n - a +0 scale mail (worn)
 q - a +1 pair of gloves (worn)
Jewellery
 g - a +6 ring of intelligence
Wands
 d - a wand of iceblast (10)
 u - a wand of mindburst (12)
Scrolls
 b - 3 scrolls of magic mapping
 h - a scroll of summoning {unknown}
 k - a scroll of teleportation
 p - a scroll of blinking {unknown}
Potions
 e - 4 potions of attraction
 i - a potion of heal wounds {unknown}
 j - a potion of cancellation {unknown}
 t - a potion of haste


   Skills:
 + Level 5.1 Fighting
 + Level 5.1 Axes
 + Level 1.9 Throwing
 + Level 3.7 Armour
 - Level 2.8 Dodging
 + Level 2.2 Shields
 + Level 3.5 Evocations


You had 7 spell levels left.
You didn't know any spells.
Your spell library was empty.

Dungeon Overview and Level Annotations

Branches:
Dungeon (6/15)             Temple (1/1) D:5

Altars:
Ashenzari
Cheibriados
Dithmenos
Elyvilon
Fedhas
Gozag
Hepliaklqana
Kikubaaqudgha
Makhleb
Nemelex Xobeh
Okawaru
Qazlal
Ru
Sif Muna
Trog
Uskayaw
Vehumet
Wu Jian
Xom
Yredelemnul
Zin
The Shining One

Shops:
D:4 [


Innate Abilities, Weirdness & Mutations

You are completely covered in rugged brown scales. (AC +3, +7% HP)
You have supernaturally acute eyesight. (SInv)
Armour fits poorly on your strangely shaped body.
You can roll at nearby foes to attack.
You have a long armoured tail.
You curl defensively after being hit. (AC +7*)


Message History

* * * LOW HITPOINT WARNING * * *
The killer bee stings you.
* * * LOW HITPOINT WARNING * * *
You are more poisoned.
The killer bee poisons you!
You feel better.
The killer bee stings you but does no damage.
The killer bee stings you.
* * * LOW HITPOINT WARNING * * *
You are poisoned.
The killer bee poisons you! The killer bee stings you.
* * * LOW HITPOINT WARNING * * *
The killer bee barely misses you.
You hit the killer bee.
The killer bee is lightly wounded.
You miss the killer bee. You barely miss the killer bee.
You feel sick.
The killer bee stings you but does no damage. x2
The killer bee completely misses you.
The killer bee stings you but does no damage.
You barely miss the killer bee.
Your tail-slap misses the killer bee.
The killer bee is lightly wounded.
You hit the killer bee. You closely miss the killer bee.
You feel sick. The killer bee stings you.
* * * LOW HITPOINT WARNING * * *
You are more poisoned.
The killer bee poisons you!
The killer bee stings you but does no damage.
The killer bee stings you.
* * * LOW HITPOINT WARNING * * *
The killer bee stings you but does no damage.
The killer bee closely misses you.
You slash the killer bee!
Your tail-slap misses the killer bee.
The killer bee is heavily wounded.
You barely miss the killer bee. You hit the killer bee.
You recover from your berserk rage.
* * * LOW HITPOINT WARNING * * *
You feel sick.
The killer bee stings you but does no damage.
The killer bee stings you.
You die...

,,********,,,,,........,,,,*
*,* ,,*
******,,,,,,..:...,,,,,* *,*
,,* *,,,****,***#....##*,,**
*,* ,,* #.>(#*,,,*
#.....,,,,*****,* ***
#.[.#***** #..<#****,,,,,,,,
######+##*### #S..#
*****,,,, #...#...#...#
#yS.# *,*** *.>.+...+.>.*
###yy.###### *,*,,
*,,.#...#.,,* #.@yy......#
*,*,∩
######+########y##.#..##.#
*,*,,
....#..)#............<##,*
*,***
..8.+.⌠.'.8.....#......#,*
*,,,,
....#...#.........#....#,*
*****
######'#######..#........#
#...#...#...##........#..#
#.<.'...'.<.##.....##..#.#
#...#...#...##......,.##.#


You could see 2 water moccasins and 6 killer bees.

Vanquished Creatures
  Duvessa (D:5)
  A sky beast (D:5)
  A black bear (D:5)
  An ogre (D:6)
  2 phantoms
  A scorpion (D:5)
  Dowan (D:5)
  A centaur zombie (D:5)
  2 jellies
  A hound (D:4)
  Crazy Yiuf (D:2)
  2 bullfrog skeletons (D:5)
  Terence (D:3)
  An iguana (D:5)
  2 orc wizards (D:3)
  Natasha (thrice) (D:3)
  A hound skeleton (D:4)
  A howler monkey zombie (D:5)
  4 gnolls (D:3)
  A howler monkey skeleton (D:6)
  2 adders (D:2)
  A shadow imp (D:5)
  2 worms
  4 dart slugs
  6 orcs
  5 bats
  6 endoplasms
  6 giant cockroaches
  7 goblins
  4 hobgoblins
  5 jackals
  3 quokkas
  12 ball pythons
  6 frilled lizards
  3 kobolds
  6 rats
107 creatures vanquished.

Vanquished Creatures (others)
  2 fungi (D:2)
  4 plants (D:2)
6 creatures vanquished.

Grand Total: 113 creatures vanquished

Notes
Turn   | Place    | Note
-------+----------+-------------------------------------------
     0 | D:1      | RascalDebosk the Palentonga Berserker began the quest for
                  | the Orb.
     0 | D:1      | Reached XP level 1. HP: 19/19 MP: 1/1
   198 | D:1      | Reached XP level 2. HP: 25/25 MP: 2/2
   943 | D:2      | Reached XP level 3. HP: 17/31 MP: 3/3
   990 | D:2      | Reached skill level 1 in Evocations
  1003 | D:2      | Reached ** piety under Trog
  1299 | D:2      | Found a faded altar of an unknown god.
  1493 | D:2      | Reached XP level 4. HP: 37/37 MP: 4/4
  1562 | D:2      | Found a runed translucent door.
  1563 | D:2      | Noticed Crazy Yiuf
  1569 | D:2      | Killed Crazy Yiuf
  1638 | D:3      | Noticed Terence
  1644 | D:3      | Killed Terence
  1837 | D:3      | Reached XP level 5. HP: 43/43 MP: 5/5
  1979 | D:3      | Noticed Natasha
  1987 | D:3      | Killed Natasha
  2012 | D:3      | Noticed Natasha
  2017 | D:3      | Killed Natasha
  2018 | D:3      | Reached XP level 6. HP: 34/51 MP: 6/6
  2140 | D:3      | Noticed Natasha
  2143 | D:3      | Killed Natasha
  2342 | D:4      | Reached *** piety under Trog
  2409 | D:4      | Found Uddoared's Antique Armour Shop.
  2938 | D:5      | Entered Level 5 of the Dungeon
  2958 | D:5      | Found a staircase to the Ecumenical Temple.
  2972 | Temple   | Entered the Ecumenical Temple
  3215 | D:5      | Reached skill level 1 in Shields
  3215 | D:5      | Gained mutation: You curl defensively after being hit. (AC
                  | +7*) [Palentonga growth]
  3215 | D:5      | Reached XP level 7. HP: 56/58 MP: 7/7
  3241 | D:5      | Found a transporter.
  3271 | D:5      | Reached skill level 1 in Throwing
  3507 | D:5      | Found a transporter.
  3915 | D:5      | Noticed Dowan
  3916 | D:5      | Noticed Duvessa
  3930 | D:5      | Killed Duvessa
  3943 | D:5      | Killed Dowan
  4177 | D:5      | Found an opulent altar of Gozag.
  4287 | D:5      | Reached skill level 5 in Fighting
  4287 | D:5      | Reached skill level 5 in Axes
  4287 | D:5      | Reached XP level 8. HP: 37/66 MP: 8/8
  4820 | D:6      | HP: 2/66 [killer bee (6)]
  4821 | D:6      | Slain by a killer bee

Illustrated notes

Levels and vault maps discovered:
D:1:      ncdulo_watergridlock, layout_loops_ring, glass_columns_b
D:2:      layout_rooms, dreamdust_ecumenical_altar_grove,
          uniq_crazy_yiuf_cottage
D:3:      layout_rooms, uniq_natasha, uniq_terence
D:4:      layout_cave_pools, serial_shops, nicolae_shop_waterfront
D:5:      gammafunk_wand_slinger, layout_gridville,
          mainiacjoe_overflow_chevrons, temple_fountains, uniq_duvessa
D:6:      layout_loops_cross, enter_ossuary_2, nicolae_elevator_lobby_plus,
          uniq_maggie
Temple:   minmay_crystal_snake_temple

Skill      XL: |  1  2  3  4  5  6  7  8 |
---------------+-------------------------+-----
Dodging        | 2 |  2.8
Armour         | 2 3 |  3.7
Evocations     | 1 2 3 |  3.5
Axes           | 4 5 |  5.1
Fighting       | 4 5 |  5.1
Shields        | 1 2 |  2.2
Throwing       | 1 |  1.9

Action                   |  1- 3 |  4- 6 |  7- 9 || total
-------------------------+-------+-------+-------++-------
Melee: Hand axe          |    96 |   152 |    80 ||   328
       Tailslap          |     9 |    20 |    11 ||    40
       Punch             |     1 |     4 |     1 ||     6
Invok: Berserk           |     1 |     3 |     2 ||     6
       Trog's Hand       |       |       |     2 ||     2
 Abil: Rolling Charge    |    13 |    20 |     5 ||    38
  Use: Scroll            |       |     9 |     4 ||    13
       Potion            |       |       |     4 ||     4
Armor: Animal skin       |     5 |       |       ||     5
       Ring mail         |    42 |    10 |       ||    52
       Scale mail        |       |    44 |    65 ||   109
Dodge: Dodged            |    41 |    53 |    41 ||   135
